 Dungeon Sprint DCSS version 0.22-a0-601-gb0ed703 (webtiles) character file.

728 emperorscorpion the Grappler (level 7, -8/55 HPs)
             Began as a White Draconian Transmuter on July 6, 2018.
             Was a Believer of Sif Muna.
             Mangled by a centaur warrior (12 damage)
             ... in the Dungeon (Sprint IX: "|||||||||||||||||||||||||||||").
             The game lasted 00:02:26 (583 turns).

emperorscorpion the Grappler (DrTm)                  Turns: 583, Time: 00:02:27

Health: -8/55      AC:  2    Str: 14    XL:     7   Next: 44%
Magic:  14/17      EV: 25    Int: 19    God:    Sif Muna [**....]
Gold:   0          SH:  0    Dex: 17    Spells: 13/19 levels left

rFire    . . .     SeeInvis .     - Unarmed
rCold    . . .     Gourm    .   (shield currently unavailable)
rNeg     . . .     Faith    .   (armour unavailable)
rPois    x         Spirit   .   (helmet currently unavailable)
rElec    .         Reflect  .   (cloak currently unavailable)
rCorr    .         Harm     .   (gloves currently unavailable)
MR       .....     NoTele   +   (boots currently unavailable)
Stlth    ++........             (no amulet)
HPRegen  0.18/turn              p - +3 ring of intelligence
MPRegen  0.15/turn              q - +3 ring of intelligence

@: spider-form
A: tiny, (breathe frost), unfitting armour, AC +6
a: End Transformation, Divine Energy, Renounce Religion


You were in the Dungeon.
You worshipped Sif Muna.
Sif Muna was pleased with you.
You were not hungry.
You were a venomous arachnid creature.
You visited 1 branch

Inventory:

Missiles
 a - 11 arrows
Armour
 n - a +0 pair of gloves (melded)
 o - a +0 cloak (melded)
Magical Staves
 m - an uncursed staff of energy
Jewellery
 p - a +3 ring of intelligence (left front leg)
 q - a +3 ring of intelligence (right front leg)
Wands
 l - a wand of iceblast (10)
Scrolls
 i - 2 scrolls of blinking
 j - 3 scrolls of remove curse
 k - 2 scrolls of amnesia
Potions
 d - 5 potions of curing
 e - 2 potions of heal wounds
 f - a potion of haste
 g - 4 potions of magic
 h - a potion of invisibility
Comestibles
 b - 4 chunks of flesh
 c - a ration


   Skills:
 + Level 2.1 Fighting
 + Level 6.2 Dodging
 + Level 11.7 Unarmed Combat
 + Level 6.7 Spellcasting
 + Level 6.5 Transmutations
 + Level 1.1 Poison Magic


You had 13 spell levels left.
You knew the following spells:

 Your Spells              Type           Power        Failure   Level  Hunger
a - Beastly Appendage     Tmut           ####..       4%          1    None
b - Sticks to Snakes      Tmut           ####....     5%          2    None
c - Spider Form           Tmut/Pois      ###.......   17%         3    ##.....

Your spell library contained the following spells:

 Spells                   Type           Power        Failure   Level  Hunger
 Blade Hands              Tmut           ####......   38%         5    #####..
 Ice Form                 Ice/Tmut       ###.....     47%         4    ####...


Dungeon Overview and Level Annotations

Branches:
Dungeon (1/1)

Altars:
Cheibriados
Dithmenos
Elyvilon
Fedhas
Gozag
Hepliaklqana
Kikubaaqudgha
Makhleb
Nemelex Xobeh
Okawaru
Qazlal
Ru
Sif Muna
Trog
Uskayaw
Vehumet
Wu Jian
Xom
Yredelemnul
Zin
The Shining One
Beogh
Jiyva
Lugonu


Innate Abilities, Weirdness & Mutations

((You can breathe waves of freezing cold.))
((You can buffet flying creatures when you breathe cold.))
((Your icy white scales are hard. (AC +6)))
You cannot fit into any form of body armour.
((Your flesh is cold resistant. (rC+)))
((You are cold-blooded and may be slowed by cold attacks.))


Message History

The centaur warrior completely misses you.
You bite the centaur warrior!
The centaur warrior looks as sick as possible!
The centaur warrior is heavily wounded.
The centaur warrior barely misses you.
You bite the centaur warrior!
The centaur warrior looks as sick as possible!
The centaur warrior is severely wounded.
The centaur warrior hits you!
* * * LOW HITPOINT WARNING * * *
You bite the centaur warrior!
The centaur warrior looks as sick as possible!
The centaur warrior is almost dead.
The centaur warrior hits you!
* * * LOW HITPOINT WARNING * * *
You hit the centaur warrior.
The centaur warrior looks as sick as possible!
The centaur warrior is almost dead.
The centaur warrior hits you!
You die...

▓.▓
▓÷▓
▓.▓
▓.▓
▓.▓
▓.▓
▓.▓
▓(▓
▓s▓
▓c▓
▓o▓
▓{▓
▓W▓
▓F▓
▓5▓
▓+▓


You could see a centaur warrior, a wraith, a bullfrog, a quasit and an orc.

Vanquished Creatures
  A gargoyle (D)
  An ice beast (D)
  2 ogres (D)
  2 bullfrogs (D)
  A killer bee (D)
  An adder (D)
  A leopard gecko (D)
  A giant cockroach (D)
  A goblin (D)
  A kobold (D)
  2 quokkas (D)
  A bat (D)
  A rat (D)
16 creatures vanquished.

Notes
Turn   | Place    | Note
-------+----------+-------------------------------------------
     0 | D        | emperorscorpion the Draconian Transmuter began the quest for the Orb.
     0 | D        | Reached XP level 1. HP: 16/16 MP: 3/3
    21 | D        | Reached skill level 4 in Unarmed Combat
   102 | D        | Noticed an ogre
   109 | D        | Reached XP level 2. HP: 23/23 MP: 2/5
   119 | D        | Killed an ogre
   119 | D        | Reached skill level 7 in Unarmed Combat
   119 | D        | Reached XP level 3. HP: 28/28 MP: 4/8
   119 | D        | Reached XP level 4. HP: 35/35 MP: 4/9
   125 | D        | Found a roughly hewn altar of Beogh.
   125 | D        | Found a snail-covered altar of Cheibriados.
   125 | D        | Found a shadowy altar of Dithmenos.
   125 | D        | Found a white marble altar of Elyvilon.
   125 | D        | Found a blossoming altar of Fedhas.
   125 | D        | Found an opulent altar of Gozag.
   126 | D        | Found a hazy altar of Hepliaklqana.
   127 | D        | Found a viscous altar of Jiyva.
   128 | D        | Found an ancient bone altar of Kikubaaqudgha.
   129 | D        | Found a corrupted altar of Lugonu.
   130 | D        | Found a burning altar of Makhleb.
   131 | D        | Found a sparkling altar of Nemelex Xobeh.
   132 | D        | Found an iron altar of Okawaru.
   133 | D        | Found a stormy altar of Qazlal.
   134 | D        | Found a sacrificial altar of Ru.
   135 | D        | Found a deep blue altar of Sif Muna.
   136 | D        | Found a bloodstained altar of Trog.
   137 | D        | Found a hide-covered altar of Uskayaw.
   138 | D        | Found a radiant altar of Vehumet.
   139 | D        | Found an ornate altar of the Wu Jian Council.
   140 | D        | Found a shimmering altar of Xom.
   141 | D        | Found a basalt altar of Yredelemnul.
   142 | D        | Found a glowing silver altar of Zin.
   143 | D        | Became a worshipper of Sif Muna the Loreminder
   144 | D        | Found a glowing golden altar of the Shining One.
   186 | D        | Learned a level 2 spell: Sticks to Snakes
   190 | D        | Learned a level 3 spell: Spider Form
   211 | D        | Noticed a bullfrog
   211 | D        | Noticed a bullfrog
   211 | D        | Noticed an ice beast
   211 | D        | Noticed a gargoyle
   211 | D        | Noticed an ogre
   214 | D        | Killed a bullfrog
   214 | D        | Reached skill level 8 in Unarmed Combat
   214 | D        | Reached XP level 5. HP: 24/40 MP: 4/11
   222 | D        | Reached * piety under Sif Muna
   222 | D        | Reached skill level 9 in Unarmed Combat
   222 | D        | Reached skill level 5 in Transmutations
   446 | D        | Killed an ice beast
   446 | D        | Reached skill level 5 in Dodging
   446 | D        | Reached skill level 5 in Spellcasting
   446 | D        | Reached XP level 6. HP: 39/47 MP: 10/14
   506 | D        | Killed a gargoyle
   506 | D        | Reached skill level 11 in Unarmed Combat
   506 | D        | Your scales start taking on an icy white colour.
   506 | D        | Reached XP level 7. HP: 20/53 MP: 12/16
   506 | D        | Gained mutation: Your flesh is cold resistant. (rC+) [White Draconian growth]
   512 | D        | Reached ** piety under Sif Muna
   512 | D        | Reached skill level 1 in Poison Magic
   575 | D        | Noticed a centaur warrior
   575 | D        | Noticed a vampire
   575 | D        | Noticed a wraith
   583 | D        | Mangled by a centaur warrior

Vault maps used:
D:        linesprint

Skill      XL: |  1  2  3  4  5  6  7 |
---------------+----------------------+-----
Dodging        | 2 3 4 5 6 |  6.2
Unarmed Combat | 4 7 8 9 11 | 11.7
Spellcasting   | 3 4 5 6 |  6.7
Transmutations | 3 4 5 6 |  6.5
Fighting       | 2 |  2.1
Poison Magic   | 1 |  1.1

Action                   |  1- 3 |  4- 6 |  7- 9 || total
-------------------------+-------+-------+-------++-------
Melee: Unarmed           |    28 |    22 |    10 ||    60
       Headbutt          |     4 |       |       ||     4
       Tailslap          |     1 |       |     1 ||     2
 Cast: Beastly Appendage |     3 |       |       ||     3
       Spider Form       |       |     3 |     2 ||     5
       Sticks to Snakes  |       |     1 |       ||     1
  Use: Potion            |     1 |       |     1 ||     2
Armor: Skin              |     8 |     1 |     1 ||    10
Dodge: Dodged            |    14 |    14 |     6 ||    34

Table legend:
 A = Spawn XP
 B = Non-spawn XP
 C = Spawn XP percentage of total XP
 D = Spawn monster count
 E = Non-spawn monster count
 F = Spawn count percentage of total count
 G = Total turns spent on level
                    A         B        C        D         E        F      G
               +---------+---------+-------+---------+---------+-------+---------
         Total |       0 |    1041 |   0.0 |       0 |      16 |   0.0 |   583
               +---------+---------+-------+---------+---------+-------+---------
             D |       0 |    1041 |   0.0 |       0 |      16 |   0.0 |   583
               +---------+---------+-------+---------+---------+-------+---------
